 Dungeon Crawl Stone Soup version 0.27.1-1-g398f81649c (webtiles) character file.

Game seed: 14605609093762858644

52 MisterFreud the Skirmisher (level 3, 0/35 HPs)
             Began as a Gnoll Wanderer on Sept 21, 2021.
             Succumbed to an adder's poison
             ... on level 2 of the Dungeon.
             The game lasted 00:02:51 (1954 turns).

MisterFreud the Skirmisher (Gnoll Wanderer)         Turns: 1954, Time: 00:02:52

Health: 0/35       AC:  3    Str:  9    XL:     3   Next: 85%
Magic:  4/4        EV: 12    Int: 12    God:
Gold:   45         SH:  0    Dex: 13    Spells: 4/4 levels left

rFire    . . .     SeeInvis .   a - +2 dagger
rCold    . . .     Faith    .   (no shield)
rNeg     . . .     Spirit   .   e - +0 robe
rPois    .         Reflect  .   i - +1 hat
rElec    .         Harm     .   (no cloak)
rCorr    .         Rampage  .   (no gloves)
Will     .....                  (no boots)
Stlth    +++.......             (no amulet)
HPRegen  0.11/turn              (no ring)
MPRegen  0.09/turn              (no ring)

@: lethally poisoned (0 -> -2)
A: fangs 1, strong nose, distributed training
a: no special abilities


You were on level 2 of the Dungeon.
You visited 1 branch of the dungeon, and saw 2 of its levels.

You collected 45 gold pieces.

Inventory:

Hand Weapons
 a - a +2 dagger (weapon)
 c - a +0 spear
Missiles
 f - 5 atropa-tipped darts (quivered)
Armour
 e - a +0 robe (worn)
 i - a +1 hat (worn)
Scrolls
 b - 3 scrolls of fear
 d - 3 scrolls of teleportation
 g - a scroll of amnesia {unknown}
 h - 6 scrolls of identify {unknown}


   Skills:
 + Level 6.5 Fighting
 + Level 1.0 Short Blades
 + Level 1.0 Long Blades
 + Level 1.0 Axes
 + Level 1.0 Maces & Flails
 + Level 4.6 Polearms
 + Level 1.0 Staves
 + Level 1.0 Slings
 + Level 2.6 Bows
 + Level 1.0 Crossbows
 + Level 1.0 Throwing
 + Level 1.0 Armour
 + Level 2.6 Dodging
 + Level 4.2 Stealth
 + Level 1.0 Shields
 + Level 1.0 Unarmed Combat
 + Level 1.0 Spellcasting
 + Level 0.7 Conjurations
 + Level 0.7 Hexes
 + Level 0.7 Summonings
 + Level 0.7 Necromancy
 + Level 0.7 Translocations
 + Level 0.7 Transmutations
 + Level 0.7 Fire Magic
 + Level 0.7 Ice Magic
 + Level 0.7 Air Magic
 + Level 0.7 Earth Magic
 + Level 0.7 Poison Magic
 + Level 1.0 Invocations
 + Level 2.6 Evocations


You had 4 spell levels left.
You didn't know any spells.
Your spell library was empty.

Dungeon Overview and Level Annotations

Branches:
Dungeon (2/15)

Altars:

Shops:
D:2 =


Innate Abilities, Weirdness & Mutations

You have very sharp teeth.
Your uncanny sense of smell can sniff out nearby items.
Your experience applies equally to all skills.


Message History

You closely miss the adder.
The adder is moderately wounded.
* * * LOW HITPOINT WARNING * * *
You feel sick. The adder barely misses you.
You closely miss the adder.
The adder is moderately wounded.
* * * LOW HITPOINT WARNING * * *
You feel sick. The adder barely misses you.
You barely miss the adder.
The adder is moderately wounded.
* * * LOW HITPOINT WARNING * * *
You feel sick. The adder closely misses you.
Unknown command.
You aren't carrying any potions.
Unknown command.
Okay, then.
Unknown command.
Save game and exit?
Welcome back, MisterFreud the Gnoll Wanderer.
Press ? for a list of commands and other information.
You completely miss the adder.
The adder is moderately wounded.
* * * LOW HITPOINT WARNING * * *
You feel sick. The adder closely misses you.
You hit the adder.
The adder is heavily wounded.
* * * LOW HITPOINT WARNING * * *
You feel sick. The adder bites you but does no damage.
The adder barely misses you.
Unknown command.
Unknown command.
You completely miss the adder.
The adder is heavily wounded.
* * * LOW HITPOINT WARNING * * *
You feel sick. The adder bites you but does no damage.
Unknown command.
Unknown command.
You hit the adder.
The adder is severely wounded.
You die...

##....##.##.##
#...####....# ...##
#....# #
..######..#.#########. .
..............!...... ..
######...####..#...##...
# ###..#.# #...)......
##...##.# #).........
##..####.# #..@S......
#..## #.# #..........
#.######.#####..:.......
#.....#.....#...........
...............#.##.##.#
...)..........##.# .# .
...........)..##.# #
............>.##..
..............# .


You could see an adder.

Vanquished Creatures
  An adder (D:2)
  A worm (D:2)
  A dart slug (D:1)
  A ball python (D:2)
  3 bats (D:1)
  An endoplasm (D:1)
  3 giant cockroaches (D:1)
  2 hobgoblins (D:1)
  3 quokkas
  6 frilled lizards (D:1)
  7 goblins
  2 kobolds
  7 rats
38 creatures vanquished.

Notes
Turn   | Place    | Note
-------+----------+-------------------------------------------
     0 | D:1      | MisterFreud the Gnoll Wanderer began the quest for the Orb.
     0 | D:1      | MisterFreud set off with the following items: a +2 dagger,
                  | a scroll of fear, a +0 spear, a scroll of teleportation, a
                  | +0 robe
     0 | D:1      | Reached XP level 1. HP: 23/23 MP: 1/1
   188 | D:1      | Reached XP level 2. HP: 17/29 MP: 2/2
   882 | D:1      | Reached XP level 3. HP: 35/35 MP: 3/3
  1291 | D:2      | Reached skill level 1 in Invocations
  1333 | D:2      | Found Unyn Puwage's Jewellery Boutique.
  1910 | D:2      | Reached skill level 1 in Short Blades
  1910 | D:2      | Reached skill level 1 in Long Blades
  1910 | D:2      | Reached skill level 1 in Axes
  1910 | D:2      | Reached skill level 1 in Maces & Flails
  1910 | D:2      | Reached skill level 1 in Staves
  1910 | D:2      | Reached skill level 1 in Slings
  1910 | D:2      | Reached skill level 1 in Crossbows
  1910 | D:2      | Reached skill level 1 in Throwing
  1910 | D:2      | Reached skill level 1 in Armour
  1910 | D:2      | Reached skill level 1 in Shields
  1910 | D:2      | Reached skill level 1 in Unarmed Combat
  1910 | D:2      | Reached skill level 1 in Spellcasting
  1952 | D:2      | HP: 1/35 [poisoned by an adder]
  1954 | D:2      | Succumbed to an adder's poison

Illustrated notes

Levels and vault maps discovered:
D:1:      tarquinn_simple_flora_water_f, layout_rooms, amethyst_killhole
D:2:      layout_rooms, serial_shops, nicolae_shop_stone,
          dreamdust_ecumenical_altar_angels_and_demons

Skill      XL: |  1  2  3 |
---------------+----------+-----
Invocations    | 1 |  1.0
Short Blades   | 1 |  1.0
Long Blades    | 1 |  1.0
Axes           | 1 |  1.0
Maces & Flails | 1 |  1.0
Staves         | 1 |  1.0
Slings         | 1 |  1.0
Crossbows      | 1 |  1.0
Throwing       | 1 |  1.0
Armour         | 1 |  1.0
Shields        | 1 |  1.0
Unarmed Combat | 1 |  1.0
Spellcasting   | 1 |  1.0
Fighting       | |  6.5
Polearms       | |  4.6
Bows           | |  2.6
Dodging        | |  2.6
Stealth        | |  4.2
Conjurations   | |  0.7
Hexes          | |  0.7
Summonings     | |  0.7
Necromancy     | |  0.7
Translocations | |  0.7
Transmutations | |  0.7
Fire Magic     | |  0.7
Ice Magic      | |  0.7
Air Magic      | |  0.7
Earth Magic    | |  0.7
Poison Magic   | |  0.7
Evocations     | |  2.6

Action                   || total
-------------------------++-------
Melee: Dagger            ||   166
       Bite              ||     9
 Stab: Sleeping          ||     2
Armor: Robe              ||    38
Dodge: Dodged            ||   101
